 Dungeon Crawl Stone Soup version 0.30-a0-168-g0b976cbdc4 (webtiles) character file.

Game seed: 6707108229078796499

9814 LnG the Unseen (level 11, -10/62 HPs)
             Began as a Kobold Summoner on Sept 29, 2022.
             Killed from afar by Lodul (30 damage)
             ... with a bolt of lightning
             ... on level 11 of the Dungeon.
             The game lasted 00:44:07 (14240 turns).

LnG the Unseen (Kobold Summoner)                   Turns: 14240, Time: 00:44:10

Health: -10/62     AC:  8    Str:  5    XL:     11   Next: 81%
Magic:  15/23      EV: 32    Int: 22    God:
Gold:   715        SH:  0    Dex: 15    Spells: 13/26 levels left

rFire   . . .      SeeInvis .    f - +6 dagger (speed)
rCold   . . .      Faith    .    (no shield)
rNeg    . . .      Spirit   .    a - +0 robe
rPois   .          Reflect  .    (no helmet)
rElec   .          Harm     .    o - +0 cloak
rCorr   +          Rampage  .    (no gloves)
Will    .....                    k - +0 pair of boots
Stlth   ++++++++..               E - amulet of the acrobat
HPRegen 0.20/turn                c - ring of resist corrosion
MPRegen 0.18/turn                h - +4 ring of protection

@: acrobatic, studying Stealth
A: small, no large weapons, nightstalker 3
a: no special abilities


You were on level 11 of the Dungeon.
You visited 2 branches of the dungeon, and saw 12 of its levels.
You also visited: Sewer.

You collected 715 gold pieces.

Inventory:

Hand Weapons
 f - a +6 dagger of speed (weapon)
Missiles
 z - a throwing net
Armour
 a - a +0 robe (worn)
 k - a +0 pair of boots (worn)
 o - a +0 cloak (worn)
 H - a +0 helmet
Jewellery
 c - a ring of resist corrosion (left hand)
 e - a ring of positive energy
 h - a +4 ring of protection (right hand)
 y - a ring of willpower
 E - an amulet of the acrobat (around neck)
 J - a ring of fire
 L - an amulet of magic regeneration
Wands
 i - a wand of polymorph (1)
 x - a wand of flame (1)
 B - a wand of iceblast (12)
 K - a wand of paralysis (12)
 N - a wand of light (1)
Scrolls
 d - a scroll of amnesia {unknown}
 g - 4 scrolls of magic mapping {unknown}
 n - a scroll of immolation
 r - 2 scrolls of butterflies
 t - 3 scrolls of poison {unknown}
 u - 3 scrolls of vulnerability {unknown}
 w - a scroll of blinking {unknown}
 A - a scroll of enchant armour {unknown}
 C - a scroll of brand weapon {unknown}
 F - a scroll of acquirement {unknown}
 G - 2 scrolls of fear {unknown}
Potions
 b - 2 potions of magic
 j - a potion of invisibility
 l - 3 potions of flight
 m - 3 potions of heal wounds
 p - 3 potions of haste
 q - 2 potions of mutation {unknown}
 s - 3 potions of curing
 v - a potion of lignification {unknown}
 D - 2 potions of brilliance {unknown}
 M - a potion of berserk rage {unknown}
 O - a potion of resistance {unknown}


   Skills:
 + Level 4.6 Fighting
 + Level 9.3 Short Blades
 + Level 6.5 Dodging
 + Level 17.4 Stealth
 + Level 0.1 Unarmed Combat
 + Level 8.3 Spellcasting
 + Level 2.1 Hexes
 + Level 9.2 Summonings
 + Level 1.0 Air Magic


You had 13 spell levels left.
You knew the following spells:

 Your Spells              Type           Power      Damage    Failure   Level
a - Summon Small Mammal   Summ           100%       N/A       1%          1
b - Call Imp              Summ           49%        N/A       1%          2
c - Call Canine Familiar  Summ           49%        N/A       1%          3
d - Summon Guardian Gole  Hex/Summ       34%        N/A       1%          3
e - Summon Lightning Spi  Summ/Air       31%        N/A       9%          4

Your spell library contained the following spells:

 Spells                   Type           Power      Damage    Failure   Level
 Shock                    Conj/Air       44%        1d5       6%          1
 Apportation              Tloc           18%        N/A       8%          1
 Beastly Appendage        Tmut           18%        N/A       8%          1
 Foxfire                  Conj/Fire      36%        2x1d5     8%          1
 Sandblast                Erth           18%        2d7       8%          1
 Poisonous Vapours        Pois/Air       22%        N/A       9%          2
 Cigotuvi's Dreadful Rot  Necr/Pois/Air  20%        N/A       10%         2
 Passwall                 Tmut/Erth      7%         N/A       11%         2
 Wereblood                Tmut           9%         N/A       11%         2
 Inner Flame              Hex/Fire       13%        N/A       14%         3
 Swiftness                Air            13%        N/A       14%         3
 Gell's Gravitas          Tloc           9%         N/A       22%         3
 Hailstorm                Conj/Ice       9%         3d4       22%         3
 Spider Form              Tmut/Pois      9%         N/A       22%         3
 Stone Arrow              Conj/Erth      18%        3d8       22%         3
 Teleport Other           Tloc           9%         N/A       22%         3
 Airstrike                Air            6%         2d(1-17)  43%         4
 Leda's Liquefaction      Hex/Erth       6%         N/A       43%         4
 Flame Wave               Conj/Fire      9%         2d6       58%         4
 Ice Form                 Ice/Tmut       9%         N/A       58%         4
 Sticky Flame             Conj/Fire      9%         2d3       58%         4
 Alistair's Intoxication  Tmut/Pois      6%         N/A       90%         5
 Lee's Rapid Deconstruct  Erth           4%         3d6*      90%         5
 Dispersal                Tloc           4%         N/A       100%        6
 Simulacrum               Ice/Necr       4%         N/A       100%        6
 Statue Form              Tmut/Erth      6%         N/A       100%        6


Dungeon Overview and Level Annotations

Branches:
Dungeon (11/15)            Temple (1/1) D:6             Orc (0/2) D:9
  Sewer (visited)
   Lair: D:8-11

Altars:
Ashenzari
Cheibriados
Dithmenos
Elyvilon
Fedhas
Gozag
Kikubaaqudgha
Makhleb
Nemelex Xobeh
Okawaru
Qazlal
Ru
Sif Muna
Trog
Uskayaw
Vehumet
Wu Jian
Xom
Zin
The Shining One

Shops:
D:1 *

Annotations:
D:3 2 transporters, Sobieck's ghost, amateur PaFi
D:7 2 transporters, ImAmAmBug's ghost, novice NaFE
D:11 1 runed translucent door, Lodul


Innate Abilities, Weirdness & Mutations

You are small and have problems with some larger weapons.
You are completely attuned to the shadows.


Message History

Found a stone staircase leading up.
Found a halberd.
There is a stone staircase leading down here.
An ogre comes into view. It is wielding a +0 giant club.
The ogre shouts!
You hear a shout! x2
An ogre comes into view. It is wielding a +0 giant club.
An ogre comes into view. It is wielding a +0 giant club.
Found a runed translucent door.
Lodul the Thundrous comes into view.
He is wielding a +0 dire flail.
An ogre comes into view. It is wielding a +0 giant club.
Casting: Call Imp (safe; 1% risk of failure)
Confirm with . or Enter, or press ? or * to list all spells.
The ogre closely misses your wolf.
Your wolf bites the ogre!
The ogre barely misses your wolf. The ogre completely misses you.
Casting: Call Canine Familiar (safe; 1% risk of failure)
Confirm with . or Enter, or press ? or * to list all spells.
An electric hum fills the air.
Your wolf bites the ogre. x2
Lodul barely misses your wolf.
An ogre comes into view. It is wielding a +0 giant club.
Casting: Summon Lightning Spire (dangerous; 9% risk of failure)
Confirm with . or Enter, or press ? or * to list all spells.
A beastly little devil appears in a puff of flame.
Your wolf closely misses the ogre.
The ogre misses your wolf. The ogre hits you with a +0 giant club!
The ogre hits your crimson imp with a +0 giant club.
The ogre hits your wolf with a +0 giant club!
Your wolf barely misses the ogre.
You barely miss the ogre.
The ogre is heavily wounded.
Electricity crackles from Lodul's apparatus.
The bolt of lightning hits you!!
Your wolf bites the ogre!
The ogre closely misses your wolf.
The ogre hits your crimson imp with a +0 giant club.
The ogre barely misses your wolf.
Your crimson imp barely misses the ogre.
Your wolf barely misses the ogre.
The ogre completely misses your wolf.
Electricity crackles from Lodul's apparatus.
The bolt of lightning hits you!!
You die...

#..###...########..##..
#.............#........
..O...........#........
#.OhO..8......#........
..OO5.........+........
#.O.##@......##........
#8..##.......##........
+....................<.
#8...........##...#####
###.......##...# .
#............# ..
#.......##...#
...##.!.....##...#
.................#


You could see Lodul, 4 ogres, a friendly wolf (summoned), a friendly lightning
spire (summoned) and a friendly crimson imp (summoned).

Vanquished Creatures
  A centaur warrior (D:8)
  A two-headed ogre (D:9)
  Urug (D:10)
  A gargoyle (D:8)
  2 hornets
  A shadow (D:8)
  A wraith (D:8)
  4 yaks
  A wyvern (D:11)
  The ghost of Sobieck the Chopper, an amateur PaFi (D:4)
  A basilisk (D:10)
  Menkaure (D:5)
  A water moccasin (D:6)
  5 orc warriors
  3 ice beasts
  3 black bears
  2 sky beasts (D:7)
  A phantom (D:6)
  An ogre (D:5)
  3 centaurs
  3 kobold brigands
  4 necrophages
  3 scorpions
  7 wights
  2 killer bees (D:9)
  5 howler monkeys
  3 orc priests
  A gnoll bouda (D:10)
  2 hounds
  6 iguanas
  4 orc wizards
  6 gnolls
  2 river rats
  4 adders
  A hound simulacrum (D:4)
  2 white imps
  A worm (D:3)
  2 dart slugs
  13 orcs
  4 bats
  2 endoplasms (D:4)
  3 giant cockroaches (D:1)
  6 goblins
  6 hobgoblins
  7 quokkas
  10 ball pythons
  A frilled lizard (D:3)
  15 kobolds
  A quokka simulacrum (D:4)
  9 rats
170 creatures vanquished.

Vanquished Creatures (collateral kills)
  Psyche (D:8)
  A hornet (D:8)
  5 yaks
  A vampire mosquito (D:8)
  2 water moccasins (D:7)
  2 ogres
  2 kobold brigands
  3 killer bees (D:9)
  An iguana (D:6)
  An orc wizard (D:8)
  3 adders
  2 gnolls (D:2)
  3 worms (Sewer)
  An adder simulacrum (D:4)
  4 orcs
  4 ball pythons
  An endoplasm (D:1)
  A giant cockroach (D:1)
  A hobgoblin (D:1)
  5 kobolds
  4 bats (D:1)
  A quokka simulacrum (D:4)
  4 rats
53 creatures vanquished.

Vanquished Creatures (others)
  A troll (D:8)
  A yak (D:8)
  An orc wizard (D:8)
  6 fungi (D:11)
  9 plants (D:11)
18 creatures vanquished.

Grand Total: 241 creatures vanquished

Notes
Turn   | Place    | Note
-------+----------+-------------------------------------------
     0 | D:1      | LnG the Kobold Summoner began the quest for the Orb.
     0 | D:1      | Reached XP level 1. HP: 10/10 MP: 3/3
   322 | D:1      | Reached XP level 2. HP: 15/15 MP: 1/5
   325 | D:1      | Learned a level 2 spell: Call Imp
   388 | D:1      | Found Fenwadiu's General Store.
   954 | D:1      | Reached XP level 3. HP: 15/19 MP: 6/6
   958 | D:1      | Learned a level 3 spell: Call Canine Familiar
  1727 | D:2      | Reached skill level 3 in Stealth
  1960 | D:2      | Reached skill level 1 in Short Blades
  1960 | D:2      | Reached XP level 4. HP: 24/24 MP: 7/7
  2183 | D:2      | Reached XP level 5. HP: 28/28 MP: 9/9
  2319 | D:2      | Reached skill level 4 in Stealth
  2745 | D:3      | Reached skill level 1 in Fighting
  2754 | D:3      | Found a glowing drain.
  2767 | Sewer    | Entered a sewer
  2832 | Sewer    | Noticed a kobold brigand
  2850 | Sewer    | Killed a kobold brigand
  2851 | Sewer    | Reached XP level 6. HP: 27/34 MP: 10/10
  3508 | Sewer    | Reached skill level 5 in Stealth
  3508 | Sewer    | Reached skill level 5 in Summonings
  3526 | Sewer    | Reached XP level 7. HP: 36/39 MP: 8/11
  3689 | D:3      | Found a transporter.
  3690 | D:3      | Noticed Sobieck's ghost (amateur PaFi)
  3695 | D:3      | Found a transporter.
  4598 | D:4      | Reached skill level 6 in Stealth
  4895 | D:4      | Found a runed translucent gate.
  4896 | D:4      | Found a runed translucent gate.
  4897 | D:4      | Found a runed translucent gate.
  5372 | D:4      | Noticed Sobieck's ghost (amateur PaFi)
  5520 | D:4      | HP: 2/40 [Sobieck's ghost (8)]
  6027 | D:5      | Entered Level 5 of the Dungeon
  6128 | D:5      | Reached skill level 7 in Stealth
  6136 | D:5      | Reached skill level 5 in Short Blades
  6136 | D:5      | Reached XP level 8. HP: 27/45 MP: 8/13
  6260 | D:5      | Learned a level 3 spell: Summon Guardian Golem
  6265 | D:5      | Learned a level 4 spell: Summon Lightning Spire
  6376 | D:5      | Found a radiant altar of Vehumet.
  6562 | D:5      | Noticed a +0 dagger
  6562 | D:5      | Noticed a +0 short sword
  6612 | D:5      | Reached skill level 8 in Stealth
  6635 | D:5      | Noticed Menkaure
  6639 | D:5      | Killed Menkaure
  6719 | D:5      | Noticed a +0 dagger
  6719 | D:5      | Noticed a +0 falchion
  6720 | D:5      | Noticed a +0 spear
  6722 | D:5      | Noticed a +0 spear
  6723 | D:5      | Noticed a +0 falchion
  6724 | D:5      | Noticed a +0 short sword
  6745 | D:5      | Found a hide-covered altar of Uskayaw.
  6832 | D:5      | Found an ancient bone altar of Kikubaaqudgha.
  7139 | D:5      | Reached skill level 9 in Stealth
  7282 | D:5      | Found a white marble altar of Elyvilon.
  7620 | D:6      | Reached XP level 9. HP: 51/51 MP: 15/15
  7657 | D:6      | Found a staircase to the Ecumenical Temple.
  7669 | D:6      | Reached skill level 10 in Stealth
  7687 | Temple   | Entered the Ecumenical Temple
  8223 | D:6      | Reached skill level 5 in Dodging
  8350 | D:6      | Reached skill level 11 in Stealth
  8689 | D:6      | Reached skill level 12 in Stealth
  8763 | D:7      | Noticed a moth of wrath
  8900 | D:7      | Reached skill level 5 in Spellcasting
  9241 | D:7      | Reached skill level 13 in Stealth
  9303 | D:7      | Found a transporter.
  9321 | D:7      | Noticed ImAmAmBug's ghost (novice NaFE)
  9332 | D:7      | Found a transporter.
  9339 | D:7      | Noticed a hornet
  9343 | D:7      | Killed a hornet
  9344 | D:7      | Reached XP level 10. HP: 56/56 MP: 16/18
  9598 | D:4      | Killed Sobieck's ghost
  9923 | D:8      | Reached skill level 14 in Stealth
  9932 | D:8      | Noticed a gargoyle
  9936 | D:8      | Killed a gargoyle
  9992 | D:8      | Noticed a centaur warrior
 10012 | D:8      | Reached skill level 15 in Stealth
 10042 | D:8      | Killed a centaur warrior
 10541 | D:8      | Noticed Psyche
 10574 | D:8      | Reached XP level 11. HP: 52/61 MP: 9/21
 10585 | D:8      | Reached skill level 16 in Stealth
 10855 | D:8      | You fall into a shaft and drop 1 floor!
 11109 | D:8      | Killed Psyche
 11869 | D:9      | Reached skill level 1 in Hexes
 12010 | D:9      | Found a broken altar of Ashenzari.
 12186 | D:9      | Found a staircase to the Orcish Mines.
 12461 | D:9      | Noticed a two-headed ogre
 12465 | D:9      | Killed a two-headed ogre
 12562 | D:9      | Found an ornate altar of the Wu Jian Council.
 12971 | D:10     | Entered Level 10 of the Dungeon
 13255 | D:10     | Noticed Urug
 13259 | D:10     | Killed Urug
 13260 | D:10     | Reached skill level 1 in Air Magic
 13419 | D:10     | Found a snail-covered altar of Cheibriados.
 13605 | D:10     | Found a burning altar of Makhleb.
 13638 | D:10     | Reached skill level 17 in Stealth
 14234 | D:11     | Found a runed translucent door.
 14234 | D:11     | Noticed Lodul
 14240 | D:11     | Killed from afar by Lodul

Illustrated notes

Levels and vault maps discovered:
D:1:      spicycebolla_green_bress_n_ham, layout_basic, serial_shops,
          nicolae_shop_hallway_plus
D:2:      layout_basic
D:3:      layout_basic, portal_sewer_entry_a, gammafunk_ghost_mausoleum
D:4:      layout_loops_cross, gammafunk_ghost_icy, nicolae_underground_beach
D:5:      layout_cave_pods, nicolae_uskayaw_en_pointe, kennysheep_little_box,
          vehumet_crystals, lemuel_crystal_altar, uniq_menkaure
D:6:      layout_basic, temple_doors_ab
D:7:      layout_cave_pools, gammafunk_ghost_wrathful_warriors, serial_glass,
          glass_columns_a, glass_columns_c, hex_medium
D:8:      minmay_the_grid_octo_triangle [minmay_the_grid_octo_toaster,
          minmay_the_grid_octo_prize_big_c, minmay_the_grid_octo_77],
          layout_basic, uniq_psyche
D:9:      layout_basic, nicolae_wu_jian_glorious_leap, evilmike_ruin_ashenzari,
          nicolae_overflow_hidden_temple, orc_0_dummy
D:10:     cheibrodos_two_vegetables, layout_irregular_city,
          lightli_temple_of_fire, kennysheep_slug_shrine, uniq_urug
D:11:     layout_gridville, minmay_lair_entry_grove, minmay_st_funbox,
          kennysheep_nondescript, minmay_three_doors, uniq_lodul
Temple:   chequers_temple_sunken

Skill      XL: |  1  2  3  4  5  6  7  8  9 10 11 |
---------------+----------------------------------+-----
Stealth        | 3 4 5 7 9 13 15 17 | 17.4
Short Blades   | 1 2 3 5 6 7 8 9 |  9.3
Fighting       | 1 2 3 4 |  4.6
Dodging        | 3 4 5 6 |  6.5
Spellcasting   | 3 4 5 6 8 |  8.3
Summonings     | 5 6 8 9 |  9.2
Hexes          | 2 |  2.1
Air Magic      | 1 |  1.0
Unarmed Combat | |  0.1

Action                   |  1- 3 |  4- 6 |  7- 9 | 10-12 || total
-------------------------+-------+-------+-------+-------++-------
Melee: Unarmed           |    17 |       |       |       ||    17
       Short sword       |    34 |       |       |       ||    34
       Dagger            |     7 |   159 |   231 |   292 ||   689
       Punch             |       |     1 |       |     4 ||     5
 Cast: Summon Small Mamm |    13 |       |       |       ||    13
       Call Imp          |     5 |     2 |     5 |    12 ||    24
       Call Canine Famil |     1 |     6 |    13 |    26 ||    46
       Summon Guardian G |       |       |     1 |     4 ||     5
       Summon Lightning  |       |       |       |     7 ||     7
Evoke: Wand              |       |       |       |     1 ||     1
  Use: Scroll            |       |       |    10 |     4 ||    14
       Potion            |       |       |       |     6 ||     6
 Stab: Sleeping          |    11 |    10 |    26 |    28 ||    75
       Distracted        |       |     1 |     1 |     4 ||     6
       Petrifying        |       |       |       |     1 ||     1
       Invisible         |       |       |       |     1 ||     1
Armor: Robe              |     8 |    17 |    30 |    20 ||    75
Dodge: Dodged            |    43 |    81 |    95 |   121 ||   340

Table legend: (Time is in decaauts)
 A = Elapsed time spent in this place.
 B = Non-inter-level travel time spent in this place.
 C = Inter-level travel time spent in this place.
 D = Time resting spent in this place.
 E = Time spent auto-exploring this place.
 F = Levels seen in this place.
 G = Mean time per level.
                   A        B        C        D        E       F      G
               +--------+--------+--------+--------+--------+-----+--------+
         Total |  14015 |  13221 |    794 |   2824 |   6592 |  13 | 1078.1 |
       Dungeon |  12829 |  12072 |    757 |   2389 |   6183 |  11 | 1166.3 |
        Temple |    253 |    216 |     37 |      0 |    206 |   1 |  253.0 |
         Sewer |    932 |    932 |      0 |    435 |    202 |   1 |  932.0 |
               +--------+--------+--------+--------+--------+-----+--------+

Top non-repeatable levels by time:
     D:8: 1761 daAuts
     D:1: 1675 daAuts
     D:4: 1431 daAuts
     D:3: 1314 daAuts
     D:5: 1280 daAuts
     D:6: 1273 daAuts
     D:9: 1189 daAuts
    D:10: 1172 daAuts
   Sewer: 932 daAuts
     D:2: 891 daAuts
     D:7: 759 daAuts
  Temple: 253 daAuts
    D:11: 80 daAuts
